 Dungeon Crawl Stone Soup version 0.23-a0-419-g0174fd8 (webtiles) character file.

847 wilfster70 the Digger (level 8, -12/41 HPs)
             Began as a Gargoyle Earth Elementalist on Nov 12, 2018.
             Killed from afar by Dowan (20 damage)
             ... with a shard of ice
             ... on level 4 of the Dungeon.
             The game lasted 00:14:22 (4711 turns).

wilfster70 the Digger (Gargoyle Earth Elementalist) Turns: 4711, Time: 00:14:23

Health: -12/41     AC:  8    Str: 12    XL:     8   Next: 1%
Magic:  7/15       EV: 12    Int: 18    God:
Gold:   190        SH:  0    Dex: 15    Spells: 10/16 levels left

rFire    . . .     SeeInvis .   a - +6 flail (holy)
rCold    . . .     Gourm    .   (no shield)
rNeg     + . .     Faith    .   c - +0 robe
rPois    ∞         Spirit   .   A - +0 helmet (curse)
rElec    +         Reflect  .   (no cloak)
rCorr    .         Harm     .   (no gloves)
MR       .....                  (no boots)
Stlth    ++........             q - amulet of magic regeneration
HPRegen  0.13/turn              i - +5 ring of dexterity
MPRegen  0.39/turn              B - ring of wizardry

@: no status effects
A: negative energy resistance 1, electricity resistance, unbreathing,
petrification resistance, rot immunity, AC +5
a: no special abilities


You were on level 4 of the Dungeon.
You were not hungry.

You visited 1 branch of the dungeon, and saw 4 of its levels.

You collected 190 gold pieces.

Inventory:

Hand Weapons
 a - a +6 flail of holy wrath (weapon)
 b - a +0 hunting sling
Missiles
 e - 31 arrows
 t - 25 bolts
 y - 79 stones (quivered)
Armour
 c - a +0 robe (worn)
 A - a cursed +0 helmet (worn)
Jewellery
 i - a +5 ring of dexterity (left hand)
 q - an amulet of magic regeneration (around neck)
 B - a ring of wizardry (right hand)
Scrolls
 m - a scroll of immolation
 o - a scroll of random uselessness {unknown}
 p - a scroll of identify
 r - a scroll of remove curse
 u - a scroll of amnesia
 v - a scroll of teleportation
Potions
 f - a potion of lignification {unknown}
 g - a potion of flight {unknown}
 h - a potion of ambrosia {unknown}
 j - a potion of cancellation {unknown}
 k - a potion of haste {unknown}
 l - 2 potions of might {unknown}
 n - a potion of magic {unknown}
 s - a potion of resistance
 w - 2 potions of brilliance {unknown}
 x - a potion of curing
Comestibles
 d - 3 rations
 z - 15 chunks of flesh


   Skills:
 - Level 1.5 Dodging
 - Level 2.1 Stealth
 + Level 4.8 Spellcasting
 * Level 6.1 Conjurations
 - Level 0.7 Transmutations
 - Level 6.4 Earth Magic


You had 10 spell levels left.
You knew the following spells:

 Your Spells              Type           Power        Failure   Level  Hunger
a - Sandblast             Erth           ####..       1%          1    None
b - Stone Arrow           Conj/Erth      ####..       1%          3    ###....
c - Passwall              Tmut/Erth      ###.....     1%          2    #......

Your spell library contained the following spells:

 Spells                   Type           Power        Failure   Level  Hunger
 Animate Skeleton         Necr           N/A          6%          1    None
 Apportation              Tloc           #.....       6%          1    None
 Confusing Touch          Hex            #.....       6%          1    None
 Summon Small Mammal      Summ           #...         6%          1    None
 Lee's Rapid Deconstruct  Erth           ####......   11%         5    ######.
 Petrify                  Tmut/Erth      ###.....     12%         4    ####...


Dungeon Overview and Level Annotations

Branches:
Dungeon (4/15)
 Temple: D:4-7

Altars:
Fedhas
Nemelex Xobeh
The Shining One

Annotations:
D:4 Dowan


Innate Abilities, Weirdness & Mutations

You are resistant to torment.
Your stone body is resilient. (AC +5)
You are immune to poison.
You resist negative energy. (rN+)
You are resistant to electric shocks. (rElec)
You can survive without breathing.
You are immune to petrification.
You are immune to rotting.


Message History

The blast of sand hits Duvessa.
You kill Duvessa!
Dowan screams, "No!
No!"
Dowan seems to find hidden reserves of power!
Your Conjurations skill increases to level 6!
You have reached level 8!
You feel stronger.
y - 80 stones Dowan hits you but does no damage.
Casting: Sandblast (safe; 1% risk of failure)
Confirm with . or Enter, or press ? or * to list all spells.
Aiming: Sandblast (safe; 1% risk of failure)
Press: ? - help, Shift-Dir - straight line, f - Dowan
Aim: Dowan, wielding a +0 dagger and wearing a +2 robe of positive energy The blast of sand hits Dowan.
Dowan is severely wounded.
y - 79 stones Dowan casts a spell at you.
The shard of ice hits you!
You die...

#### ...### ##...########
#### .##.......... .....
..#...##.##.#######......
)####..#.##.##..@e.......
'#..##.#.##.##.###.......
.'...#.#.##....# .......
.##.##.#.##.#### .......
#.###....##.# .####.#
#.....#####.# .# #
##...## ###.######.#
.....# #...........
.....# #.#.#####..


You could see Dowan.

Vanquished Creatures
  Eustachio (D:4)
  Edmund (D:4)
  Duvessa (D:4)
  A phantom (D:4)
  Natasha (thrice) (D:4)
  3 orc wizards
  2 worker ants (D:4)
  Robin (D:4)
  7 adders
  2 oozes
  2 worms
  A dart slug (D:2)
  2 leopard geckos
  13 orcs
  7 giant cockroaches
  17 goblins
  7 hobgoblins
  4 jackals
  2 quokkas
  2 ball pythons (D:3)
  7 bats
  5 frilled lizards
  13 kobolds
  9 rats
113 creatures vanquished.

Notes
Turn   | Place    | Note
-------+----------+-------------------------------------------
     0 | D:1      | wilfster70 the Gargoyle Earth Elementalist began the quest
                  | for the Orb.
     0 | D:1      | Reached XP level 1. HP: 10/10 MP: 3/3
   291 | D:1      | Reached XP level 2. HP: 14/15 MP: 5/5
   591 | D:1      | Reached XP level 3. HP: 15/19 MP: 4/6
  1575 | D:2      | Found a blossoming altar of Fedhas.
  1648 | D:2      | Reached XP level 4. HP: 24/24 MP: 5/8
  1671 | D:2      | Learned a level 3 spell: Stone Arrow
  1674 | D:2      | Learned a level 2 spell: Passwall
  2263 | D:3      | Reached skill level 1 in Conjurations
  2275 | D:3      | Reached skill level 5 in Earth Magic
  2474 | D:3      | Reached XP level 5. HP: 27/28 MP: 9/9
  2477 | D:3      | Found a glowing golden altar of the Shining One.
  3594 | D:4      | Noticed Edmund
  3609 | D:4      | Killed Edmund
  3609 | D:4      | Reached XP level 6. HP: 15/32 MP: 1/11
  3787 | D:4      | Noticed Eustachio
  3813 | D:4      | Killed Eustachio
  3813 | D:4      | Reached XP level 7. HP: 18/36 MP: 7/13
  4025 | D:4      | Noticed Natasha
  4031 | D:4      | Killed Natasha
  4051 | D:4      | Noticed Natasha
  4063 | D:4      | Killed Natasha
  4070 | D:4      | Reached skill level 5 in Conjurations
  4320 | D:4      | Noticed Natasha
  4324 | D:4      | Killed Natasha
  4499 | D:4      | Found a sparkling altar of Nemelex Xobeh.
  4547 | D:4      | Noticed Robin
  4584 | D:4      | Killed Robin
  4691 | D:4      | Noticed Duvessa
  4692 | D:4      | Noticed Dowan
  4710 | D:4      | Killed Duvessa
  4710 | D:4      | Reached XP level 8. HP: 8/41 MP: 7/15
  4711 | D:4      | Killed from afar by Dowan

Vault maps used:
D:1:      minmay_arrival_checkered_box, minmay_cupped
D:2:      fedhas_ov_isle_minmay
D:3:      grunt_ministairs_7, tso_metal_star
D:4:      nemelex_dance_club_becter, uniq_sigmund, uniq_natasha, uniq_eustachio,
          uniq_edmund, uniq_robin, uniq_duvessa

Skill      XL: |  1  2  3  4  5  6  7 |
---------------+----------------------+-----
Earth Magic    | 4 5 6 |  6.4
Spellcasting   | 3 4 |  4.8
Conjurations   | 1 3 4 6 |  6.1
Dodging        | |  1.5
Stealth        | |  2.1
Transmutations | |  0.7

Action                   |  1- 3 |  4- 6 |  7- 9 || total
-------------------------+-------+-------+-------++-------
Melee: Spear             |    87 |       |       ||    87
       Dagger            |    24 |   243 |       ||   267
       Flail             |       |     9 |    66 ||    75
Throw: Stone             |       |     1 |       ||     1
 Cast: Sandblast         |    17 |    37 |    20 ||    74
  Use: Scroll            |     2 |     4 |     1 ||     7
       Potion            |       |       |     1 ||     1
 Stab: Sleeping          |     5 |     3 |       ||     8
  Eat: Chunk             |     1 |     5 |     3 ||     9
       Ration            |       |     1 |       ||     1
Armor: Robe              |    38 |    79 |    13 ||   130
Dodge: Dodged            |    81 |   142 |    44 ||   267

Table legend:
 A = Non-vault XP
 B = Vault XP
 C = Vault XP percentage of total XP
 D = Non-vault monster count
 E = Vault monster count
 F = Vault count percentage of total count
                 A         B        C        D         E       F
            +---------+---------+-------+---------+---------+-------
      Total |     563 |     648 |  53.5 |      87 |      26 |  23.0
            +---------+---------+-------+---------+---------+-------
        D:1 |      43 |       6 |  12.2 |      26 |       3 |  10.3
        D:2 |      66 |       0 |   0.0 |      22 |       0 |   0.0
        D:3 |     142 |      54 |  27.6 |      28 |       6 |  17.6
        D:4 |     312 |     588 |  65.3 |      11 |      17 |  60.7
            +---------+---------+-------+---------+---------+-------
